 Dungeon Crawl Stone Soup version 0.30-a0-476-g330ca2eb8e (webtiles) character file.

Game seed: 16527653850205014657

77 Jase the Covered (level 4, -1/39 HPs)
             Began as an Armataur Fighter on Dec 22, 2022.
             Was a Believer of Qazlal.
             Killed by divine providence
             ... invoked by an orc priest
              (13 damage)
             ... on level 3 of the Dungeon.
             The game lasted 00:05:50 (1696 turns).

Jase the Covered (Armataur Fighter)                 Turns: 1696, Time: 00:05:50

Health: -1/39      AC:  7    Str: 23    XL:     4   Next: 13%
Magic:  5/5        EV:  7    Int:  9    God:    Qazlal [**....]
Gold:   102        SH:  7    Dex:  9    Spells: 3/3 levels left

rFire   . . .      SeeInvis .    a - +0 flail
rCold   + . .      Faith    .    (no shield)
rNeg    . . .      Spirit   .    b - +0 scale mail
rPois   .          Reflect  +    (no helmet)
rElec   .          Harm     .    (no cloak)
rCorr   .          Roll     +    (no gloves)
Will    .....                    (no barding)
Stlth   ..........               q - amulet of reflection
HPRegen 0.26/turn                g - ring of protection from cold
MPRegen 0.09/turn                p - ring of wizardry

@: no status effects
A: large, rugged brown scales 3, deformed body, armoured tail, roll, long
tongue, awkward tongue
a: Renounce Religion, Upheaval


You were on level 3 of the Dungeon.
You worshipped Qazlal.
Qazlal was pleased with you.
You visited 1 branch of the dungeon, and saw 3 of its levels.

You collected 102 gold pieces.

Inventory:

Hand Weapons
 a - a +0 flail (weapon)
Missiles
 e - 5 poisoned darts (quivered)
 h - 32 stones
 l - 2 boomerangs
Armour
 b - a +0 scale mail (worn)
Jewellery
 g - a ring of protection from cold (left hand)
 p - a ring of wizardry (right hand)
 q - an amulet of reflection (around neck)
Scrolls
 f - 3 scrolls of teleportation {unknown}
 j - a scroll of enchant armour {unknown}
 k - a scroll of fog {unknown}
 m - a scroll of enchant weapon {unknown}
 n - a scroll of noise {unknown}
Potions
 c - 2 potions of curing {unknown}
 d - 2 potions of might
 i - 2 potions of heal wounds {unknown}
 o - a potion of mutation {unknown}


   Skills:
 - Level 2.6 Fighting
 + Level 2.8 Maces & Flails
 + Level 4.6 Armour
 - Level 3.2 Shields
 + Level 1.7 Invocations


You had 3 spell levels left.
You didn't know any spells.
Your spell library was empty.

Dungeon Overview and Level Annotations

Branches:
Dungeon (3/15)

Altars:
Qazlal
Zin

Annotations:
D:2 1 runed translucent door, Crazy Yiuf


Innate Abilities, Weirdness & Mutations

You are completely covered in rugged brown scales. (AC +3, +7% HP)
Armour fits poorly on your strangely shaped body.
You have a long armoured tail.
You roll when moving toward enemies. (Rampage)
Your long tongue fully drains potion bottles. (2x potion effects)
Your tongue gives you trouble enunciating. (1.5x scroll delay)


Message History

An orc comes into view. It is wielding a +0 whip.
The orc priest hits you with a +0 hand axe of freezing.
You sock the orc!
You kill the orc!
Qazlal accepts your kill.
You hit the orc.
The orc is heavily wounded.
The orc hits you with a +0 mace.
An orc comes into view. It is wielding a +0 club.
You barely miss the orc.
The orc is heavily wounded.
The orc hits you with a +0 mace.
The orc priest mumbles some strange prayers to Beogh against you.
Beogh smites you!
You are too injured to fight recklessly!
You sock the orc!
You kill the orc!
Qazlal accepts your kill.
The orc priest invokes the aid of Beogh against you.
Beogh smites you!
* * * LOW HITPOINT WARNING * * *
You hit the orc.
The orc is almost dead.
The orc priest looks braver for a moment.
You block the orc's attack.
You hit the orc but do no damage.
The orc is almost dead.
The orc hits you but does no damage.
You closely miss the orc.
The orc is almost dead.
The orc hits you but does no damage.
The orc priest calls upon Beogh to heal the orc.
The orc is healed somewhat.
The orc priest miscasts a cantrip.
You block the orc's attack.
You closely miss the orc.
The orc is lightly wounded.
The orc priest mumbles some strange prayers to Beogh against you.
Beogh smites you!
You die...

#####
#####!.....
##..@oo#
#.<###.#
##<## #
#..# ##.##
#..# ####


You could see an orc priest and an orc.

Vanquished Creatures
  Natasha (D:2)
  2 worms (D:2)
  3 orcs (D:3)
  4 ball pythons
  3 endoplasms (D:2)
  A giant cockroach (D:2)
  6 goblins
  3 hobgoblins
  3 kobolds
  2 quokkas (D:1)
  7 bats
  A frilled lizard (D:2)
  4 rats (D:1)
40 creatures vanquished.

Notes
Turn   | Place    | Note
-------+----------+-------------------------------------------
     0 | D:1      | Jase the Armataur Fighter began the quest for the Orb.
     0 | D:1      | Reached XP level 1. HP: 19/19 MP: 1/1
    79 | D:1      | Found a faded altar of an unknown god.
    86 | D:1      | Prayed at the altar of an unknown god.
    86 | D:1      | Became a worshipper of Qazlal Stormbringer
    86 | D:1      | Reached * piety under Qazlal
   109 | D:1      | Reached skill level 4 in Armour
   228 | D:1      | Reached XP level 2. HP: 26/26 MP: 2/2
   881 | D:2      | Noticed Natasha
   897 | D:2      | Killed Natasha
   898 | D:2      | Reached skill level 1 in Invocations
   898 | D:2      | Reached XP level 3. HP: 16/32 MP: 3/3
   992 | D:2      | Found a glowing silver altar of Zin.
  1442 | D:2      | Reached ** piety under Qazlal
  1466 | D:2      | Reached XP level 4. HP: 39/39 MP: 5/5
  1507 | D:2      | Found a runed translucent door.
  1508 | D:2      | Noticed Crazy Yiuf
  1696 | D:3      | Killed from afar by an orc priest

Illustrated notes

Levels and vault maps discovered:
D:1:      dpeg_arrival_pond, layout_loops_corners,
          chequers_ecumenical_altar_simple, grunt_decor_one_mirror,
          chequers_serial_rivers_marsh, hangedman_decor_points
D:2:      layout_basic, basic_altar, uniq_natasha, uniq_crazy_yiuf_cottage
D:3:      minmay_inner_zag, layout_rooms, uniq_grinder

Skill      XL: |  1  2 |
---------------+-------+-----
Maces & Flails | 2 |  2.8
Armour         | 4 |  4.6
Invocations    | 1 |  1.7
Fighting       | |  2.6
Shields        | |  3.2

Action                   |  1- 3 |  4- 6 || total
-------------------------+-------+-------++-------
Melee: Flail             |    86 |    17 ||   103
       Tailslap          |    10 |       ||    10
Armor: Scale mail        |    48 |     4 ||    52
Dodge: Dodged            |    28 |     5 ||    33
Block: Other             |     3 |     4 ||     7

Table legend: (Time is in decaauts)
 A = Elapsed time spent in this place.
 B = Non-inter-level travel time spent in this place.
 C = Inter-level travel time spent in this place.
 D = Time resting spent in this place.
 E = Time spent auto-exploring this place.
 F = Levels seen in this place.
 G = Mean time per level.
                   A        B        C        D        E       F      G
               +--------+--------+--------+--------+--------+-----+--------+
         Total |   1723 |   1690 |     33 |     22 |   1358 |   3 |  574.3 |
       Dungeon |   1723 |   1690 |     33 |     22 |   1358 |   3 |  574.3 |
               +--------+--------+--------+--------+--------+-----+--------+

Top non-repeatable levels by time:
     D:1: 868 daAuts
     D:2: 824 daAuts
     D:3: 30 daAuts
